 Dungeon Crawl Stone Soup version 0.29.1-1-gd02db6906a (webtiles) character file.

Game seed: 6511775760748841142

23 dave1331 the Trooper (level 3, 0/33 HPs)
             Began as a Hill Orc Fighter on Oct 2, 2022.
             Slain by a gnoll
             ... wielding a +0 spear
              (2 damage)
             ... on level 2 of the Dungeon on Oct 3, 2022.
             The game lasted 00:04:26 (1075 turns).

dave1331 the Trooper (Hill Orc Fighter)             Turns: 1075, Time: 00:04:27

Health: 0/33       AC:  6    Str: 20    XL:     3   Next: 0%
Magic:  3/3        EV:  9    Int:  8    God:
Gold:   66         SH:  4    Dex: 10    Spells: 2/2 levels left

rFire   . . .      SeeInvis .   a - +0 war axe
rCold   . . .      Faith    .   c - +0 buckler
rNeg    . . .      Spirit   .   b - +0 scale mail
rPois   .          Reflect  .   (no helmet)
rElec   .          Harm     .   (no cloak)
rCorr   .          Rampage  .   (no gloves)
Will    .....                   (no boots)
Stlth   ..........              (no amulet)
HPRegen 0.11/turn               (no ring)
MPRegen 0.08/turn               (no ring)

@: no status effects
A: no striking features
a: no special abilities


You were on level 2 of the Dungeon.
You visited 1 branch of the dungeon, and saw 2 of its levels.

You collected 66 gold pieces.

Inventory:

Hand Weapons
 a - a +0 war axe (weapon)
Armour
 b - a +0 scale mail (worn)
 c - a +0 buckler (worn)
 l - a +0 pair of boots
Scrolls
 e - a scroll of noise {unknown}
 g - a scroll of immolation {unknown}
 i - a scroll of identify {unknown}
Potions
 d - a potion of might
 f - a potion of berserk rage {unknown}
 h - 2 potions of haste {unknown}
 j - 2 potions of curing {unknown}
 k - a potion of magic {unknown}


   Skills:
 + Level 4.1 Fighting
 + Level 3.2 Axes
 + Level 3.6 Armour
 + Level 3.5 Shields


You had 2 spell levels left.
You didn't know any spells.
Your spell library contained the following spells:

 Spells                   Type           Power      Damage    Failure   Level
 Shock                    Conj/Air       0%         1d3       85%         1
 Swiftness                Air            0%         N/A       99%         3
 Airstrike                Air            0%         2d(0-16)  100%        4


Dungeon Overview and Level Annotations

Branches:
Dungeon (2/15)

Altars:

Annotations:
D:2 Robin


Message History

Found a stone staircase leading down.
A gnoll comes into view. It is wielding a +0 spear.
The goblin attacks as you move away! The goblin closely misses you.
The adder closely misses you.
Robin says, "My goblins will feast on your bones."
Robin throws the goblin at you! The hobgoblin hits you.
The goblin hits you but does no damage.
You closely miss the goblin. You completely miss the adder. You hit the goblin.
You kill the goblin!
You closely miss the hobgoblin. The adder bites you. The hobgoblin hits you.
The goblin hits you but does no damage. The adder bites you but does no damage.
You hit the goblin.
The goblin is severely wounded.
You slash the hobgoblin!
You kill the hobgoblin!
You closely miss the adder. You hit the goblin but do no damage.
The adder bites you but does no damage. The goblin closely misses you.
The goblin hits you with a +0 dagger.
* * * LOW HITPOINT WARNING * * *
You have reached level 3!
Your experience leads to an increase in your attributes!
Increase (S)trength, (I)ntelligence, or (D)exterity?
You feel stronger. x2
You barely miss the goblin.
The goblin is severely wounded.
You hit the adder. You barely miss the goblin. You hit the goblin.
The adder closely misses you.
The goblin hits you but does no damage. x2
You block the adder's attack. The goblin closely misses you.
The goblin hits you with a +0 dagger.
* * * LOW HITPOINT WARNING * * *
The goblin hits you with a +0 dagger.
* * * LOW HITPOINT WARNING * * *
The gnoll hits you from afar with a +0 spear.
* * * LOW HITPOINT WARNING * * *
You slash the goblin!
You kill the goblin!
You hit the goblin. You hit the adder. You miss the goblin. You hit Robin.
You block the adder's attack. The goblin closely misses you.
The gnoll hits you from afar with a +0 spear.
You die...

> . .# ##.#
#########...# .
#....g)@g...#..
#.....gSg.....# .
#......g.g..... ...
#.............#
.....#.............#
.......<...††......#
............).......
...................#
#....###......###..#


You could see Robin, a gnoll, an adder, 2 hobgoblins and 2 goblins.

Vanquished Creatures
  3 endoplasms (D:1)
  4 goblins
  5 hobgoblins
  A quokka (D:1)
  2 frilled lizards (D:1)
  4 kobolds (D:1)
  4 rats (D:1)
23 creatures vanquished.

Vanquished Creatures (others)
  2 fungi (D:1)
  7 plants
9 creatures vanquished.

Grand Total: 32 creatures vanquished

Notes
Turn   | Place    | Note
-------+----------+-------------------------------------------
     0 | D:1      | dave1331 the Hill Orc Fighter began the quest for the Orb.
     0 | D:1      | Reached XP level 1. HP: 19/19 MP: 1/1
    26 | D:1      | Found a faded altar of an unknown god.
   447 | D:1      | Reached XP level 2. HP: 26/27 MP: 2/2
   788 | D:1      | Reached skill level 4 in Fighting
  1063 | D:2      | Noticed Robin
  1074 | D:2      | Reached XP level 3. HP: 10/33 MP: 3/3
  1075 | D:2      | Slain by a gnoll

Illustrated notes

Levels and vault maps discovered:
D:1:      nzn_arrival_depleted_hourglass, layout_rooms,
          shapermc_ecumenical_altar_gd, supply_closet_lemuel
D:2:      layout_basic, serial_shops, nicolae_shop_overgrown_old_shop,
          st_stairs_2, nicolae_grassy_gnolls, uniq_robin

Skill      XL: |  1  2 |
---------------+-------+-----
Axes           | 3 |  3.2
Fighting       | 4 |  4.1
Armour         | |  3.6
Shields        | |  3.5

Action                   || total
-------------------------++-------
Melee: War axe           ||    53
Armor: Scale mail        ||    39
Dodge: Dodged            ||    32
Block: Buckler           ||    15
